AoeStats
← bone app the teeth

Black Forest

505338104Analyzed
2v2 RM · 24d ago on Sep 8, 2026· 58m 35s· 4 players
Game mode
Random Map
Map size
Medium (4 player)
Population
200
Speed
Normal
Resources
Standard
Victory
Conquest
Starting age
Dark Age
Ending age
Imperial Age
RankedLock teamsTeams togetherTeam positionsShared explorationLock speedFull tech treeHidden civsTurbo modeCheats
Victory
Defeat
🇺🇸 Bohemians · United States
1035
+16
🇺🇸 Turks · United States
1029
+16
🇦🇷 Celts · Argentina
1044
-16
🇦🇷 Goths · Argentina
1028
-16
Aluerad
2:03 Loom
12:59 Feudal Age
14:40 Double-Bit Axe
15:43 Horse Collar
20:18 Castle Age
20:42 Crossbowman
21:26 Stone Mining
22:50 Padded Archer Armor
22:40 Fletching
23:33 Bow Saw
23:24 Heavy Plow
23:28 Padded Archer Armor
25:56 Wheelbarrow
25:26 Gold Mining
25:41 Bodkin Arrow
26:02 Leather Archer Armor
27:42 Town Watch
31:34 Fortified Wall
31:48 Ballistics
31:39 Murder Holes
33:37 Hand Cart
34:24 Caravan
34:38 Town Patrol
38:59 Imperial Age
37:19 Husbandry
37:31 Bloodlines
37:49 Scale Barding Armor
37:55 Forging
39:14 Chain Barding Armor
40:16 Artillery
40:39 Conscription
41:52 Two-Man Saw
42:06 Elite Janissary
44:18 Plate Barding Armor
44:18 Iron Casting
43:44 Bracer
44:14 Ring Archer Armor
52:04 Blast Furnace
bone app the teeth
0:30 Loom
11:44 Feudal Age
12:21 Double-Bit Axe
12:19 Horse Collar
18:14 Castle Age
18:35 Padded Archer Armor
19:40 Bow Saw
19:33 Heavy Plow
21:18 Leather Archer Armor
23:13 Wheelbarrow
26:54 Chemistry
27:39 Ballistics
27:32 Fortified Wall
27:32 Masonry
27:39 Masonry
29:16 Fletching
31:12 Hand Cart
30:42 Town Watch
34:55 Imperial Age
34:28 Caravan
34:58 Wagenburg Tactics
35:12 Bodkin Arrow
36:44 Conscription
36:40 Capped Ram
36:44 Heavy Scorpion
38:21 Squires
39:36 Hussite Reforms
40:21 Forging
40:12 Scale Mail Armor
40:17 Scale Barding Armor
40:16 Bracer
40:35 Fervor
40:47 Sanctity
41:36 Two-Man Saw
40:47 Houfnice
41:35 Siege Engineers
42:07 Block Printing
42:18 Illumination
42:28 Town Patrol
43:20 Redemption
43:52 Devotion
44:08 Block Printing
43:35 Elite Hussite Wagon
45:39 Architecture
46:14 Block Printing
47:59 Man-at-Arms
48:24 Arson
52:29 Theocracy
52:27 Faith
52:53 Atonement
55:55 Ring Archer Armor
57:58 Pikeman
Ivancitoxs
11:53 Feudal Age
10:34 Loom
16:06 Castle Age
14:21 Double-Bit Axe
14:22 Horse Collar
22:46 Gold Mining
25:12 Heavy Plow
26:00 Bow Saw
27:51 Wheelbarrow
27:01 Town Watch
29:11 Caravan
29:54 Town Patrol
30:10 Hand Cart
32:35 Imperial Age
31:30 Sanctity
31:20 Fervor
32:19 Scale Mail Armor
32:29 Forging
32:10 Fletching
32:21 Padded Archer Armor
32:05 Pikeman
32:06 Man-at-Arms
32:31 Gambesons
32:32 Arson
32:43 Long Swordsman
32:43 Halberdier
33:31 Two-Handed Swordsman
33:34 Heavy Scorpion
33:36 Capped Ram
35:04 Conscription
35:10 Champion
35:28 Siege Ram
36:58 Iron Casting
36:50 Chain Mail Armor
36:32 Bodkin Arrow
37:15 Ballistics
37:55 Chemistry
36:38 Onager
38:28 Furor Celtica
40:07 Plate Mail Armor
40:38 Blast Furnace
41:44 Siege Engineers
41:36 Murder Holes
41:53 Masonry
42:05 Leather Archer Armor
44:03 Scale Barding Armor
46:20 Elite Woad Raider
48:54 Stronghold
49:41 Hoardings
50:36 Cavalier
51:16 Husbandry
50:37 Light Cavalry
MrSimio22
2:48 Loom
11:30 Feudal Age
12:49 Double-Bit Axe
12:40 Man-at-Arms
15:08 Horse Collar
20:01 Scale Mail Armor
22:26 Castle Age
20:38 Gold Mining
22:17 Stone Mining
22:24 Fletching
24:15 Heavy Plow
24:28 Bow Saw
24:22 Padded Archer Armor
25:06 Squires
27:24 Pikeman
32:04 Chain Mail Armor
31:54 Elite Skirmisher
33:42 Leather Archer Armor
33:22 Bodkin Arrow
38:21 Stone Shaft Mining
38:03 Forging
40:41 Anarchy
45:02 Imperial Age
43:10 Wheelbarrow
42:23 Town Watch
43:19 Iron Casting
46:18 Perfusion
45:39 Elite Huskarl
45:47 Elite Huskarl
46:56 Halberdier
47:36 Capped Ram
51:25 Bracer
51:56 Ring Archer Armor
52:26 Blast Furnace
52:50 Heavy Scorpion
56:05 Hand Cart
Connection lost

Rejoining the realm…

Still unreachable

The connection could not be restored.

Session expired

The server has moved on; the page needs a fresh start.